 Dungeon Crawl Stone Soup version 0.29.1-13-g9f3cf754e1 (webtiles) character file.

Game seed: 10559908535344395129

153 GigaChad the Covered (level 5, -2/47 HPs)
             Began as a Minotaur Fighter on Jan 26, 2023.
             Was an Initiate of Ashenzari.
             Slain by a gnoll
             ... wielding a +0 club
              (5 damage)
             ... on level 3 of the Dungeon.
             The game lasted 00:02:32 (1379 turns).

GigaChad the Covered (Minotaur Fighter)             Turns: 1379, Time: 00:02:33

Health: -2/47      AC:  7    Str: 22    XL:     5   Next: 12%
Magic:  4/4        EV:  9    Int:  5    God:    Ashenzari [......]
Gold:   183        SH:  4    Dex: 10    Spells: 4/4 levels left

rFire   . . .      SeeInvis .   a - +0 war axe
rCold   . . .      Faith    .   c - +0 buckler
rNeg    . . .      Spirit   .   b - +0 scale mail
rPois   .          Reflect  .   (helmet restricted)
rElec   .          Harm     .   (no cloak)
rCorr   .          Rampage  .   (no gloves)
Will    .....                   (no boots)
Stlth   ..........              e - amulet of regeneration
HPRegen 0.95/turn               (no ring)
MPRegen 0.09/turn               (no ring)

@: no status effects
A: horns 2, retaliatory headbutt
a: Renounce Religion, Curse Item


You were on level 3 of the Dungeon.
You worshipped Ashenzari.
Ashenzari was noncommittal.
You visited 1 branch of the dungeon, and saw 3 of its levels.

You collected 183 gold pieces.

Inventory:

Hand Weapons
 a - a +0 war axe (weapon)
Missiles
 g - 2 javelins (quivered)
Armour
 b - a +0 scale mail (worn)
 c - a +0 buckler (worn)
Jewellery
 e - an amulet of regeneration (around neck)
Scrolls
 i - a scroll of enchant weapon {unknown}
 k - 2 scrolls of identify {unknown}
 l - 2 scrolls of teleportation {unknown}
 m - a scroll of vulnerability {unknown}
 o - 3 scrolls of fear {unknown}
Potions
 d - a potion of might
 f - a potion of heal wounds {unknown}
 h - a potion of attraction {unknown}
 j - a potion of flight {unknown}
 n - a potion of mutation {unknown}
 p - a potion of cancellation {unknown}


   Skills:
 + Level 4.3 Fighting
 + Level 4.0 Axes
 + Level 5.5 Armour
 + Level 0.2 Dodging
 + Level 4.0 Shields


You had 4 spell levels left.
You didn't know any spells.
Your spell library contained the following spells:

 Spells                   Type           Power      Damage    Failure   Level
 Inner Flame              Hex/Fire       0%         N/A       99%         3
 Cause Fear               Hex            0%         N/A       100%        4
 Discord                  Hex            0%         N/A       100%        8


Dungeon Overview and Level Annotations

Branches:
Dungeon (3/15)

Altars:
Ashenzari

Shops:
D:1 [


Innate Abilities, Weirdness & Mutations

You have a pair of horns on your head.
You reflexively headbutt those who attack you in melee.


Message History

The gnoll hits you with a +0 whip. The gnoll hits you with a +0 whip.
The gnoll closely misses you. You furiously retaliate!
You headbutt the gnoll.
Items here: )) ††.
The gnoll barely misses you.
Items here: ))) †.
The gnoll attacks as you move away! The gnoll hits you with a +0 club!
* * * LOW HITPOINT WARNING * * *
The gnoll hits you with a +0 whip.
* * * LOW HITPOINT WARNING * * *
You closely miss the gnoll. Your headbutt misses the gnoll.
The gnoll is moderately wounded.
You barely miss the gnoll. The gnoll closely misses you.
You furiously retaliate!
You headbutt the gnoll!
You kill the gnoll!
The gnoll hits you but does no damage.
You hit the gnoll. Your headbutt misses the gnoll.
The gnoll is heavily wounded.
The gnoll hits you with a +0 club.
* * * LOW HITPOINT WARNING * * *
The gnoll hits you with a +0 club.
* * * LOW HITPOINT WARNING * * *
You closely miss the gnoll.
The gnoll is heavily wounded.
The gnoll hits you but does no damage.
You barely miss the gnoll.
The gnoll is heavily wounded.
The gnoll hits you but does no damage.
You closely miss the gnoll.
The gnoll is heavily wounded.
The gnoll hits you with a +0 club.
* * * LOW HITPOINT WARNING * * *
The gnoll completely misses you.
You hit the gnoll but do no damage.
The gnoll is heavily wounded.
The gnoll hits you but does no damage.
You closely miss the gnoll.
The gnoll is heavily wounded.
The gnoll hits you with a +0 club.
You die...

##.....#####
#..........#
.##..#.#......
......#..##.# #.##
#..#....##.#
#....###.......##.#
#S.....##.##)##.#
#......)g@..#
#.########### #.#
#.# .g. #.. ...
?...


You could see a gnoll.

Vanquished Creatures
  Robin (D:2)
  6 gnolls (D:3)
  2 adders (D:2)
  A dart slug (D:1)
  5 bats
  4 endoplasms
  11 goblins
  9 hobgoblins
  2 jackals (D:2)
  6 kobolds
  2 quokkas
  A ball python (D:1)
  6 frilled lizards
  7 rats
63 creatures vanquished.

Notes
Turn   | Place    | Note
-------+----------+-------------------------------------------
     0 | D:1      | GigaChad the Minotaur Fighter began the quest for the Orb.
     0 | D:1      | Reached XP level 1. HP: 19/19 MP: 0/0
   105 | D:1      | Reached XP level 2. HP: 27/27 MP: 1/1
   156 | D:1      | Found Wobagg's Antique Armour Boutique.
   162 | D:1      | Reached skill level 4 in Armour
   262 | D:1      | Reached XP level 3. HP: 33/33 MP: 2/2
   262 | D:1      | Found a faded altar of an unknown god.
   641 | D:2      | Found a broken altar of Ashenzari.
   657 | D:2      | Became a worshipper of Ashenzari the Shackled
   976 | D:2      | Noticed Robin
   983 | D:2      | Reached XP level 4. HP: 34/40 MP: 3/3
   987 | D:2      | Killed Robin
  1338 | D:3      | Reached skill level 5 in Armour
  1367 | D:3      | Reached XP level 5. HP: 20/47 MP: 4/4
  1374 | D:3      | HP: 2/47 [gnoll/+0 club (6)]
  1379 | D:3      | Slain by a gnoll

Illustrated notes

Levels and vault maps discovered:
D:1:      dpeg_chamrin_arrival_tetris, layout_basic, serial_shops, shop,
          basic_ecumenical_altar, minmay_box_of_dots
D:2:      layout_loops_cross, basic_altar, minmay_hedge_maze, uniq_robin
D:3:      layout_loops_cross, serial_forest, infiniplex_forest_end_1,
          infiniplex_forest_clump_curved, infiniplex_forest_clump_cross,
          infiniplex_forest_lined_room_2, infiniplex_forest_lined_room_3,
          infiniplex_forest_pool, infiniplex_forest_corner_1,
          minmay_misc_feat_nine_boxes, kennysheep_generic_room_8

Skill      XL: |  1  2  3  4 |
---------------+-------------+-----
Armour         | 4 5 |  5.5
Axes           | 3 4 |  4.0
Fighting       | 4 |  4.3
Shields        | 4 |  4.0
Dodging        | |  0.2

Action                   |  1- 3 |  4- 6 || total
-------------------------+-------+-------++-------
Melee: War axe           |    70 |    40 ||   110
       Headbutt          |     6 |     8 ||    14
Armor: Scale mail        |    44 |    21 ||    65
Dodge: Dodged            |    44 |    32 ||    76
Block: Buckler           |    17 |     9 ||    26
